 Dungeon Crawl Stone Soup version 0.31-a0-516-gfcb59812bd (webtiles) character file.

Game seed: 3137978006199759011

1543803 EnegeticOcto the Metamorph (level 24, 216/216 HPs)
             Began as a Demigod Shapeshifter on Aug 9, 2023.
             Escaped with the Orb
             ... and 3 runes on Aug 10, 2023!
             The game lasted 02:07:52 (78225 turns).

EnegeticOcto the Metamorph (Demigod Shapeshifter)  Turns: 78225, Time: 02:07:53

Health: 216/216    AC: 42    Str: 36    XL:     24   Next: 26%
Magic:  27/27      EV: 31    Int: 15    God:
Gold:   1955       SH:  0    Dex: 26    Spells: 20/23 levels left

rFire   + .          .
                       - Unarmed
rCold   + . .        (shield currently unavailable)
rNeg    + . .        a - +8 orange crystal plate armour {Archmagi, Int+3 Clar}
rPois   +            T - -2 hat of the Alchemist {rElec rPois rF+ rC+ rN+ Will+ rMut rCorr}
rElec   +            A - +4 cloak "Gemozus" {Contam Rampage rElec Regen+}
rCorr   +            (gloves currently unavailable)
SInv    .            N - +3 pair of boots of Death Resistance {rPois Will+ Int+2}
Will    ++++.        W - amulet of regeneration Stlth
                     w - +5 ring of evasion
HPRegen 2.16/turn    H - +5 ring of evasion
MPRegen 0.20/turn

%: clarity, resist mutation, rampage, archmagi
@: blade hands, studying 2 skills
A: high MP 1, forlorn, divine attributes
0: Orb of Zot
}: 3/15 runes: serpentine, barnacled, silver
a: Begin Untransformation


You escaped.
You had blades for hands.
You visited 9 branches of the dungeon, and saw 47 of its levels.
You also visited: Sewer and Gauntlet.

You collected 5793 gold pieces.
You spent 3838 gold pieces at shops.

Inventory:

Hand Weapons
 V - a +1 dagger of distortion
   (You found it on level 4 of the Lair of Beasts)
Missiles
 r - 6 throwing nets {!f}
 U - 6 curare-tipped darts
Armour
 a - the +8 orange crystal plate armour (worn) {Archmagi, Int+3 Clar}
   (You acquired it on level 1 of the Lair of Beasts)

   Int+3:     It affects your intelligence (+3).
   Clar:      It protects you from confusion, rage, mesmerisation and fear.
 A - the +4 cloak "Gemozus" (worn) {Contam Rampage rElec Regen+}
   (You found it on level 4 of the Vaults)

   rElec:     It insulates you from electricity.
   Contam:    It causes magical contamination when unequipped.
   Regen+:    It increases your rate of health regeneration.
   Rampage:   It bestows one free step when moving towards enemies.
 N - the +3 pair of boots of Death Resistance (worn) {rPois Will+ Int+2}
   (You found it on level 9 of the Dungeon)

   Int+2:     It affects your intelligence (+2).
   rPois:     It protects you from poison Will+: It increases your willpower.
 T - the -2 hat of the Alchemist (worn) {rElec rPois rF+ rC+ rN+ Will+ rMut rCorr}
   (You bought it in a shop on level 4 of the Snake Pit)

   rF+:       It protects you from fire.
   rC+:       It protects you from cold.
   rElec:     It insulates you from electricity.
   rPois:     It protects you from poison rN+: It protects you from negative
   energy.
   Will+:     It increases your willpower.
   rCorr:     It protects you from acid and corrosion.
   rMut:      It protects you from mutation.
Jewellery
 w - a +5 ring of evasion (left blade hand)
   (You took it off a vault guard on level 5 of the Vaults)
 D - a ring of protection from fire
   (You found it on level 1 of the Shoals)
 F - the ring of the Ladybird {Ice SInv}
   (You took it off a tengu reaver on level 5 of the Vaults)

   [ring of ice]

   Ice:       It enhances your ice magic.
   rF-:       It makes you vulnerable to fire.
   rC+:       It protects you from cold.
   SInv:      It lets you see invisible.
 H - a +5 ring of evasion (right blade hand)
   (You bought it in a shop on level 1 of the Snake Pit)
 W - an amulet of regeneration (around neck)
   (You bought it in a shop on level 1 of the Snake Pit)
Talismans
 o - a blade talisman (active)
   (You found it on level 2 of the Dungeon)
Wands
 c - a wand of light (30) {@v1}
   (You found it on level 4 of the Shoals)
 e - a wand of flame (76) {@v4}
   (You found it on level 1 of the Lair of Beasts)
 B - a wand of roots (28) {@v2}
   (You found it on level 12 of the Dungeon)
 E - a wand of digging (7) {@v3}
   (You found it on level 7 of the Dungeon)
 G - a wand of mindburst (26)
   (You found it on level 8 of the Dungeon)
 O - a wand of charming (44)
   (You found it on level 10 of the Dungeon)
 R - a wand of polymorph (17)
   (You found it on level 2 of the Lair of Beasts)
Scrolls
 b - 7 scrolls of vulnerability
 f - 11 scrolls of fog {!r}
 i - 6 scrolls of fear {!r}
 m - 12 scrolls of teleportation {@r3 !r}
 p - 2 scrolls of enchant armour
 s - 2 scrolls of revelation {@r5 !r}
 u - 3 scrolls of blinking {@r4}
 y - 5 scrolls of silence {!r}
 C - 5 scrolls of immolation
 I - 30 scrolls of identify {@r1}
 J - 4 scrolls of poison
Potions
 d - a potion of haste {@q4 !q}
 g - 2 potions of lignification {@q6}
 h - 19 potions of curing {@q1 !q}
 j - 15 potions of heal wounds {@q2 !q}
 k - 2 potions of magic
 l - a potion of invisibility
 n - 7 potions of might {@q3 !q}
 v - 5 potions of cancellation
 z - 5 potions of berserk rage
 K - a potion of mutation
 L - 9 potions of enlightenment
 M - 2 potions of attraction
 Q - a potion of resistance
 Y - 4 potions of ambrosia
Miscellaneous
 q - a condenser vane
   (You found it in a Gauntlet)
 t - a phantom mirror
   (You found it in a Gauntlet)
 x - a lightning rod (4/4)
   (You found it in a Gauntlet)


   Skills:
 - Level 18.0 Fighting
 - Level 18.0 Armour
 * Level 17.9 Dodging
 - Level 2.0 Stealth
 - Level 18.0 Unarmed Combat
 - Level 4.0 Translocations
 + Level 11.6 Evocations
 - Level 18.0 Shapeshifting


You had 20 spell levels left.
You knew the following spells:

 Your Spells              Type           Power      Damage    Failure   Level
a - Apportation           Tloc           36%        N/A       80%         1
Y - Blink                 Tloc           36%        N/A       89%         2

Your spell library contained the following spells:

 Spells                   Type           Power      Damage    Failure   Level
 Lesser Beckoning         Tloc           36%        N/A       89%         2
 Momentum Strike          Conj/Tloc      18%        3d8       98%         2
 Freeze                   Ice            0%         1d3       99%         1
 Sandblast                Erth           0%         2d4       99%         1
 Slow                     Hex            0%         N/A       99%         1
 Cigotuvi's Dreadful Rot  Necr/Pois/Air  0%         N/A       100%        2
 Ensorcelled Hibernation  Hex/Ice        0%         N/A       100%        2
 Passwall                 Tmut/Erth      0%         N/A       100%        2
 Poisonous Vapours        Pois/Air       0%         N/A       100%        2
 Sublimation of Blood     Necr           0%         N/A       100%        2
 Wereblood                Tmut           0%         N/A       100%        2
 Confusing Touch          Hex            0%         N/A       100%        3
 Dazzling Flash           Conj/Hex       0%         N/A       100%        3
 Frozen Ramparts          Ice            0%         1d1       100%        3
 Hailstorm                Conj/Ice       0%         3d3       100%        3
 Ignite Poison            Fire/Tmut/Pois 0%         N/A       100%        3
 Inner Flame              Hex/Fire       0%         N/A       100%        3
 Mephitic Cloud           Conj/Pois/Air  0%         N/A       100%        3
 Ozocubu's Armour         Ice            0%         N/A       100%        3
 Stone Arrow              Conj/Erth      0%         3d7       100%        3
 Swiftness                Air            0%         N/A       100%        3
 Vampiric Draining        Necr           0%         2d6       100%        3
 Vhi's Electric Charge    Tloc/Air       18%        N/A       100%        3
 Volatile Blastmotes      Fire/Tloc      18%        2d11      100%        3
 Animate Armour           Summ/Erth      0%         N/A       100%        4
 Flame Wave               Conj/Fire      0%         2d4       100%        4
 Manifold Assault         Tloc           18%        N/A       100%        4
 Passage of Golubria      Tloc           18%        N/A       100%        4
 Petrify                  Tmut/Erth      0%         N/A       100%        4
 Sticky Flame             Conj/Fire      0%         2d3       100%        4
 Summon Ice Beast         Ice/Summ       0%         N/A       100%        4
 Summon Lightning Spire   Summ/Air       0%         N/A       100%        4
 Alistair's Intoxication  Tmut/Pois      0%         N/A       100%        5
 Arcjolt                  Conj/Air       0%         1d10      100%        5
 Freezing Cloud           Conj/Ice/Air   0%         6-21      100%        5
 Irradiate                Conj/Tmut      0%         3d11      100%        5
 Lee's Rapid Deconstruct  Erth           0%         3d4*      100%        5
 Silence                  Hex/Air        0%         N/A       100%        5
 Summon Mana Viper        Hex/Summ       0%         N/A       100%        5
 Yara's Violent Unravell  Hex/Tmut       0%         3d3       100%        5
 Conjure Ball Lightning   Conj/Air       0%         3x3d6     100%        6
 Dispersal                Tloc           9%         N/A       100%        6
 Plasma Beam              Fire/Air       0%         2x1d10    100%        6
 Simulacrum               Ice/Necr       0%         N/A       100%        6
 Starburst                Conj/Fire      0%         6d3       100%        6
 Enfeeble                 Hex            0%         N/A       100%        7
 Monstrous Menagerie      Summ           0%         N/A       100%        7
 Ozocubu's Refrigeration  Ice            0%         4d7       100%        7
 Summon Hydra             Summ           0%         N/A       100%        7
 Discord                  Hex            0%         N/A       100%        8
 Disjunction              Tloc           9%         N/A       100%        8
 Infestation              Necr           0%         N/A       100%        8
 Lehudib's Crystal Spear  Conj/Erth      0%         10d2      100%        8
 Maxwell's Capacitive Co  Air            0%         ∞         100%        8


Dungeon Overview and Level Annotations

Branches:
Dungeon (15/15)            Temple (0/1) D:6            Lair (5/5) D:10
 Shoals (4/4) Lair:2        Snake (4/4) Lair:2        Slime (0/5) Lair:4
    Orc (2/2) D:10            Elf (3/3) Orc:2        Vaults (5/5) D:13
  Crypt (0/3) Vaults:2     Depths (4/4) D:15            Zot (5/5) Depths:4
  Sewer (visited)         Gauntlet (visited)

Shops:
D:4 *   Orc:1 [   Orc:2 (:*[**   Elf:2 [:   Elf:3 *   Shoals:3 [
Snake:1 :*=:!   Snake:4 ?[   Vaults:4 ?*   Vaults:5 =   Depths:1 =

Portals:
Hell: Depths:1 Depths:2 Depths:3 Depths:4
Abyss: Depths:2 Depths:3 Depths:4
Pandemonium: Depths:2 Depths:3 Depths:4
Ziggurat: Depths:1

Annotations:
Lair:1 1 runed translucent door, exclusion: door, Beaer's ghost, journeyman DsFi
Lair:5 1 exclusion
Shoals:1 Roxanne
Shoals:4 2 transporters, confidenceinterval's ghost, adept SpHu
Snake:3 2 transporters, GordonOverkill's ghost, adept OpDe
Elf:2 3 runed translucent doors, exclusion: door
Vaults:1 2 transporters, MacCMillion's ghost, adept TrSh
Depths:1 exclusion: orange crystal statue
Depths:3 exclusions: upstairs and 1 more exclusion
Zot:2 1 transporter, Voqoasirir's ghost, veteran TeAE
Zot:4 5 exclusions


Innate Abilities, Weirdness & Mutations

You have blades for hands.
Your spellcasting is less reliable in this form.
You are incapable of wielding weapons or throwing items.
You have an increased reservoir of magic. (+10% MP)
You shall have no god before yourself.
Your divine heritage dramatically boosts your attributes as you level up.


Message History

The Executioner completely misses you.
The Executioner hits you but does no damage.
The Executioner closely misses you. x2; The Executioner completely misses you. x2
You climb upwards.
There is a stone staircase leading down here.
You slice the Executioner!!
You kill the Executioner!
No target in view!
(D) Dungeon (T) Temple (L) Lair (A) Shoals (P) Snake Pit (M) Slime Pits (O) Orcish Mines (E) Elven Halls (V) Vaults (C) Crypt (U) Depths (H) Hell (Z) Zot
Where to? (Tab/Enter - D:1 @ (x,y), ? - help)
There is an open door here.
There is a stone staircase leading down here.
HP restored.
There is an open door here.
There is an open door here.
Things that are here:
a +0 leather armour; a +0 hand axe
There is an open door here.
There is an open door here.
There is a stone staircase leading up here.
You climb upwards.
There is a stone staircase leading down here.
There is an open door here.
A hellephant comes into view.
The hellephant breathes flames at you. The blast of flame hits you!!
You resist.
You rampage towards the hellephant!
You hit the hellephant.
The hellephant is lightly wounded.
You shred the hellephant!!! You slash the hellephant!
The hellephant is moderately wounded.
The hellephant completely misses you.
The hellephant bites you but does no damage.
The hellephant closely misses you.
You shred the hellephant!!!!
The hellephant is severely wounded.
A tormentor comes into view.
The hellephant completely misses you. x3
You shred the hellephant!!!
You kill the hellephant!
The tormentor calls on the powers of darkness!
Your body is wracked with pain!
There is a stone staircase leading up here.
You climb upwards.
There is a stone staircase leading down here.
(D) Dungeon (T) Temple (L) Lair (A) Shoals (P) Snake Pit (M) Slime Pits (O) Orcish Mines (E) Elven Halls (V) Vaults (C) Crypt (U) Depths (H) Hell (Z) Zot
Where to? (Tab/Enter - D:1 @ (x,y), ? - help)
There is an open door here.
There is an open door here.
There is an open door here.
There is an open door here.
There is an open door here.
You see here a +0 spear.
You see here a +0 scale mail.
HP restored.
There is a stone staircase leading up here.
You climb upwards.
There is a stone staircase leading down here.
A toenail golem comes into view.
There is a stone staircase leading up here.
You climb upwards.
There is a stone staircase leading down here.
(D) Dungeon (T) Temple (L) Lair (A) Shoals (P) Snake Pit (M) Slime Pits (O) Orcish Mines (E) Elven Halls (V) Vaults (C) Crypt (U) Depths (H) Hell (Z) Zot
Where to? (Tab/Enter - D:1 @ (x,y), ? - help)
There is a stone staircase leading up here.
You climb upwards.
There is a stone staircase leading down here.
There is a stone staircase leading up here.
You climb upwards.
There is a stone staircase leading down here.
You see here a +0 club.
There is a stone staircase leading up here.
You climb upwards.
There is a stone staircase leading down here.
There is a stone staircase leading up here.
You climb upwards.
There is a stone staircase leading down here.
A blizzard demon comes into view.
You rampage towards the blizzard demon!
You slash the blizzard demon!
The blizzard demon is moderately wounded.
You closely miss the blizzard demon.
The blizzard demon is moderately wounded.
The blizzard demon gestures at you. The bolt of lightning misses you.
You slice the blizzard demon!! You slash the blizzard demon!
The blizzard demon is almost dead.
You slice the blizzard demon!!
You kill the blizzard demon!
No target in view!
There is a staircase leading out of the dungeon here.
You have escaped!

#....# #....#P.
#....#P♣P P #..#.#.PPPP
##..#.#♣♣P.P
#.....#..♣.♣
#.....#P..P.
#############.....#P.PPP
................@.#.P.P.
#######.......#...#.♣PPP
..[..##.......#...#.♣
####.##.#####.#...#.♣
...#.#..#####.#.#.#PP♣
##.#.#......#.#.#.#PPPP
..^....####.#.#...#PP.P.
##.#.>........#...#PP.P♣
##.#.######.#.....#
############


There were no monsters in sight!

Vanquished Creatures
  A pandemonium lord (Depths:1)
  A dread lich (Vaults:5)
  Mara (Vaults:2)
  Sojobo (Vaults:3)
  Margery (Vaults:3)
  Bai Suzhen (Vaults:3)
  Xtahua (Vaults:2)
  Saint Roka (Vaults:3)
  6 golden dragons
  the Enchantress (Depths:1)
  A hellephant (D:8)
  2 doom hounds (Depths:2)
  3 liches
  Mlioglotl (Shoals:1)
  Grunn (Depths:2)
  12 tentacled monstrosities
  9 Orb Guardians
  A walking frostbound tome (Depths:3)
  2 titans (Vaults:5)
  4 death cobs
  A quicksilver dragon (Zot:1)
  A deep elf master archer (Elf:3)
  An Executioner (D:9)
  3 deep elf blademasters (Elf:3)
  6 sphinxes
  An acid blob (Depths:3)
  Aizul (Vaults:2)
  6 tengu reavers
  A draconian monk (Depths:4)
  2 shadow dragons
  5 storm dragons
  2 nagarajas
  2 draconian knights
  5 azure jellies (Depths:3)
  7 fire giants
  2 rockslimes (Depths:3)
  An emperor scorpion (shapeshifter) (Vaults:5)
  9 deep elf sorcerers
  4 frost giants
  2 iron dragons (Vaults:5)
  22 vault wardens
  A balrug (Depths:3)
  4 deep elf elementalists (Elf:3)
  A ghost moth (Zot:5)
  18 ironbound preservers
  3 draconian annihilators
  2 orc warlords
  A cacodemon (D:14)
  A war gargoyle (Vaults:5)
  2 quicksilver oozes (shapeshifter) (Vaults:5)
  2 formless jellyfish
  3 green draconians
  8 ironbound thunderhulks
  2 vampire knights
  5 spriggan defenders
  2 quicksilver oozes (Depths:3)
  12 stone giants
  16 very ugly things
  7 deep elf annihilators
  7 deep elf demonologists
  2 yellow draconians (Zot:5)
  3 black draconians
  A minotaur (Gauntlet)
  A purple draconian (Zot:1)
  6 spark wasps
  A dire elephant (Vaults:3)
  3 white draconians
  A red draconian (Zot:1)
  11 ettins
  Snorg (D:11)
  2 crystal guardians (Vaults:4)
  A blizzard demon (D:1)
  6 deep elf death magi
  3 merfolk javelineers
  Josephine (Lair:4)
  A fire dragon (shapeshifter) (Elf:3)
  7 merfolk impalers
  18 yaktaur captains
  An entropy weaver (Vaults:5)
  4 deep elf high priests
  5 fire dragons
  A hell beast (Depths:3)
  12 great orbs of eyes
  A rakshasa (Depths:3)
  46 vault guards
  11 ice dragons
  3 salamander tyrants (Snake:4)
  2 ogre magi
  5 hydras
  16 anacondas
  4 catoblepae
  2 peacekeepers
  2 spriggan air magi
  A radroach (shapeshifter) (Depths:4)
  5 alligator snapping turtles
  9 ironbound frosthearts
  3 boulder beetles
  15 dancing weapons
  6 deep troll earth magi
  A merfolk avatar (Shoals:3)
  6 death yaks
  4 deep troll shamans
  6 centaur warriors
  10 two-headed ogres
  A titan zombie (Depths:2)
  11 naga warriors
  6 tengu warriors
  7 satyrs
  12 naga sharpshooters
  An orc high priest (Elf:3)
  6 merfolk aquamancers
  8 shock serpents
  6 hell knights (Vaults:3)
  4 spriggan berserkers
  10 deep elf knights
  2 soul eaters
  4 iron trolls
  3 wretched stars (D:13)
  A skeletal warrior (D:13)
  7 cherubim
  9 salamander mystics
  57 deep trolls
  3 skysharks
  9 sea snakes
  5 glowing orange brains
  4 naga ritualists
  2 flayed ghosts
  Pikel (D:8)
  A golden dragon skeleton (Depths:2)
  3 phantasmal warriors (Vaults:5)
  14 deep elf archers
  16 lindwurms
  25 ironbound convokers
  30 deep elf pyromancers
  5 necromancers
  3 wizards
  22 harpies
  10 orc knights
  An orc sorcerer (Orc:2)
  23 deep elf zephyrmancers
  2 mana vipers (shapeshifter)
  2 tengu skeletons
  A tengu zombie (Vaults:4)
  A shining eye (Depths:3)
  5 manticores
  27 ugly things
  8 mana vipers
  A stone giant zombie (Vaults:2)
  12 cyclopes
  A fire giant zombie (Vaults:4)
  A frost giant zombie (Vaults:4)
  32 fauns
  24 salamanders
  3 moths of wrath
  30 vault sentinels
  3 water nymphs
  2 fire giant skeletons (Depths:1)
  10 merfolk sirens
  22 elephants
  7 guardian serpents
  43 black mambas
  4 orange demons
  13 naga magi
  A gargoyle (D:14)
  2 cane toads
  43 yaktaurs
  A hellion (Depths:2)
  2 torpor snails
  3 centaur skeletons (D:13)
  5 kobold demonologists
  3 rime drakes
  17 komodo dragons
  2 efreet
  6 tengu conjurers
  2 red devils (Depths:2)
  13 trolls
  A meliai (shapeshifter) (Elf:3)
  32 merfolk
  2 polar bears
  A polar bear (shapeshifter) (D:14)
  6 meliai (D:14)
  2 sphinx simulacra (Vaults:2)
  A tengu simulacrum (Depths:2)
  5 wind drakes
  Grinder (D:3)
  7 hornets
  13 snapping turtles
  2 raiju (Gauntlet)
  7 dream sheep
  7 blink frogs (Lair:3)
  4 air elementals
  21 slime creatures
  6 spriggans
  6 wraiths
  A ynoxinul (Depths:4)
  25 water elementals
  A spriggan skeleton (Depths:1)
  A hog (shapeshifter) (Vaults:5)
  3 wyverns
  4 basilisks
  3 fire bats (Lair:1)
  46 yaks
  A golden eye (Depths:3)
  A human (shapeshifter) (Elf:1)
  A steam dragon (D:7)
  A death yak simulacrum (Lair:3)
  A neqoxec (D:12)
  8 vampire mosquitoes
  3 chaos spawn
  A redback (shapeshifter) (Vaults:5)
  44 nagas
  2 acid dragons
  7 wargs
  13 water moccasins
  2 floating eyes
  3 black bears
  55 orc warriors
  2 sky beasts (D:7)
  A spriggan simulacrum (Depths:2)
  6 wolves (Lair:2)
  9 ogres
  25 centaurs
  A phantom (D:6)
  5 kobold brigands
  16 bullfrogs
  3 necrophages
  A gnoll sergeant (D:6)
  3 scorpions
  A wyvern zombie (D:6)
  4 earth elementals
  2 water moccasin zombies (D:6)
  18 wights
  A small abomination (Depths:1)
  An elephant simulacrum (Lair:3)
  11 howler monkeys
  11 electric eels
  A bullfrog zombie (D:6)
  2 centaur zombies
  4 hounds
  2 human zombies
  Crazy Yiuf (D:3)
  6 jellies
  14 orc priests
  6 iguanas
  31 orc wizards
  A lightning spire (Gauntlet)
  6 hell rats (Lair:2)
  2 polar bear simulacra (Lair:3)
  A boggart skeleton (D:13)
  A killer bee zombie (D:6)
  A wolf simulacrum (Lair:3)
  A hound skeleton (D:7)
  3 howler monkey zombies
  A mummy (D:6)
  16 adders
  7 gnolls
  6 river rats (Sewer)
  3 shadow imps (Gauntlet)
  3 white imps
  An ufetubus (D:6)
  A worm (D:2)
  6 dart slugs
  87 orcs
  12 ball pythons
  5 endoplasms
  5 giant cockroaches
  5 goblins
  6 hobgoblins
  15 kobolds
  6 quokkas
  6 bats
  8 frilled lizards
  22 rats
1944 creatures vanquished.

Vanquished Creatures (collateral kills)
  A naga ritualist (Snake:4)
  2 salamanders (Snake:4)
  2 nagas (Snake:4)
5 creatures vanquished.

Vanquished Creatures (others)
  2 merfolk aquamancers
  A shock serpent (Snake:4)
  A deep elf archer (Elf:3)
  A wizard (Vaults:4)
  A jelly (Lair:4)
  An orc (D:10)
  3 kobolds (D:7)
10 creatures vanquished.

Grand Total: 1959 creatures vanquished

Notes
Turn   | Place    | Note
-------+----------+-------------------------------------------
     0 | D:1      | EnegeticOcto the Demigod Shapeshifter began the quest for
                  | the Orb.
     0 | D:1      | Reached XP level 1. HP: 15/15 MP: 3/3
   103 | D:1      | Reached skill level 1 in Stealth
   309 | D:1      | Reached XP level 2. HP: 15/22 MP: 4/4
   364 | D:1      | Reached skill level 2 in Stealth
   397 | D:1      | Reached skill level 1 in Fighting
   924 | D:2      | Reached skill level 3 in Shapeshifting
  1170 | D:2      | Reached XP level 3. HP: 28/28 MP: 5/5
  1657 | D:3      | Noticed Grinder
  1660 | D:3      | Paralysed by Grinder for 4 turns
  1668 | D:3      | Killed Grinder
  1669 | D:3      | Reached skill level 4 in Shapeshifting
  1669 | D:3      | Reached XP level 4. HP: 27/35 MP: 6/6
  1669 | D:3      | Reached XP level 5. HP: 31/40 MP: 7/7
  1887 | D:3      | Reached skill level 5 in Shapeshifting
  2798 | D:3      | Reached XP level 6. HP: 40/47 MP: 8/8
  2917 | D:3      | Found a runed translucent door.
  2918 | D:3      | Noticed Crazy Yiuf
  3012 | D:4      | Found Xedidike's General Store.
  3017 | D:4      | Bought a potion of heal wounds for 65 gold pieces
  3440 | D:4      | Bought a scroll of identify for 26 gold pieces
  3440 | D:4      | Bought a scroll of identify for 26 gold pieces
  3604 | D:5      | Entered Level 5 of the Dungeon
  3714 | D:5      | Reached skill level 3 in Unarmed Combat
  4074 | D:5      | Found a glowing drain.
  4106 | Sewer    | Entered a sewer
  4176 | Sewer    | Reached skill level 2 in Fighting
  4363 | Sewer    | Reached XP level 7. HP: 29/56 MP: 9/9
  5122 | Sewer    | Reached skill level 3 in Fighting
  5122 | Sewer    | Reached skill level 4 in Unarmed Combat
  5611 | D:5      | Reached skill level 5 in Unarmed Combat
  5826 | D:4      | Bought a scroll of blinking for 97 gold pieces
  6563 | D:6      | Reached XP level 8. HP: 38/63 MP: 10/10
  6661 | D:6      | Reached skill level 6 in Unarmed Combat
  6710 | D:6      | Reached skill level 4 in Fighting
  7127 | D:6      | Reached skill level 5 in Fighting
  7269 | D:6      | Reached skill level 6 in Shapeshifting
  8287 | D:6      | Reached skill level 7 in Shapeshifting
  8709 | D:6      | Reached skill level 2 in Dodging
  9569 | D:6      | Reached XP level 9. HP: 74/74 MP: 11/11
  9816 | D:6      | Reached skill level 3 in Dodging
  9900 | D:6      | Found a staircase to the Ecumenical Temple.
 10532 | D:7      | Reached skill level 4 in Dodging
 11205 | D:7      | Reached skill level 8 in Shapeshifting
 12239 | D:8      | Reached skill level 9 in Shapeshifting
 12476 | D:8      | Identified the +1 great sword "Ydytt" {freeze, Will+ rCorr}
 12593 | D:8      | Noticed Pikel
 12614 | D:8      | Killed Pikel
 12615 | D:8      | Reached XP level 10. HP: 83/83 MP: 13/13
 12674 | D:8      | Paralysed by a hornet for 3 turns
 13072 | D:8      | Reached skill level 6 in Fighting
 13342 | D:9      | Reached skill level 7 in Unarmed Combat
 13559 | D:9      | Noticed a smoke demon
 13574 | D:9      | Reached skill level 7 in Fighting
 13718 | D:9      | Learned a level 1 spell: Apportation
 13721 | D:9      | Learned a level 2 spell: Blink
 13939 | D:9      | Reached skill level 8 in Unarmed Combat
 13988 | D:9      | Reached skill level 1 in Translocations
 14030 | D:9      | Reached skill level 2 in Translocations
 14299 | D:9      | Identified the +3 pair of boots of Death Resistance {rPois
                  | Will+ Int+2}
 14631 | D:10     | Entered Level 10 of the Dungeon
 14656 | D:10     | Reached skill level 3 in Translocations
 14858 | D:10     | Saw a vision of the Shoals and the Snake Pit.
 14858 | D:10     | Noticed a naga warrior
 14858 | D:10     | Noticed an anaconda
 14858 | D:10     | Noticed a naga mage
 14858 | D:10     | Noticed a naga ritualist
 14858 | D:10     | Noticed a cyclops
 14858 | D:10     | Noticed a harpy
 14858 | D:10     | Noticed a cyclops
 14858 | D:10     | Noticed a cyclops
 14858 | D:10     | Noticed a merfolk impaler
 14858 | D:10     | Noticed a harpy
 14858 | D:10     | Noticed a manticore
 14858 | D:10     | Noticed a skyshark
 14939 | D:10     | Reached skill level 4 in Translocations
 15380 | D:10     | Found a staircase to the Orcish Mines.
 15478 | D:10     | Found a staircase to the Lair.
 15743 | D:10     | Reached XP level 11. HP: 72/93 MP: 14/14
 16222 | Lair:1   | Entered Level 1 of the Lair of Beasts
 16222 | Lair:1   | Found a runed translucent door.
 16223 | Lair:1   | Noticed Beaer's ghost (journeyman DsFi)
 16245 | Lair:1   | Identified a scroll of acquirement
 16247 | Lair:1   | Acquired the +8 orange crystal plate armour {Archmagi,
                  | Int+3 Clar}
 16247 | Lair:1   | Found the +8 orange crystal plate armour {Archmagi, Int+3
                  | Clar}
 16648 | Lair:1   | Reached skill level 1 in Armour
 17036 | Lair:1   | Reached skill level 8 in Fighting
 17045 | Lair:1   | Reached skill level 2 in Armour
 18017 | Lair:2   | Reached skill level 3 in Armour
 18856 | Lair:2   | Reached skill level 10 in Shapeshifting
 19037 | Lair:2   | Found a staircase to the Shoals.
 19159 | Lair:2   | Reached skill level 4 in Armour
 19492 | Lair:2   | Reached skill level 9 in Fighting
 19618 | Lair:2   | Found a staircase to the Snake Pit.
 20487 | Lair:2   | Reached skill level 11 in Shapeshifting
 20872 | Lair:3   | Reached XP level 12. HP: 97/104 MP: 15/15
 21887 | Lair:3   | Reached skill level 12 in Shapeshifting
 22261 | Lair:3   | Noticed an eight-headed hydra
 22275 | Lair:3   | Killed an eight-headed hydra
 22276 | Lair:3   | Reached skill level 5 in Armour
 22309 | Lair:3   | Noticed a five-headed hydra
 22329 | Lair:3   | Killed a five-headed hydra
 22766 | Lair:3   | Identified the +1 rapier "Jellyslayer" {freeze, rElec rC+
                  | Str-5 Dex+3}
 22971 | Lair:3   | Reached skill level 6 in Armour
 24196 | Lair:4   | Noticed Sonja
 24197 | Lair:4   | Sonja changed into Sonja the dream sheep
 24197 | Lair:4   | Noticed Sonja
 24204 | Lair:4   | Killed Sonja the dream sheep
 24245 | Lair:4   | Reached skill level 7 in Armour
 24420 | Lair:4   | Noticed Josephine
 24430 | Lair:4   | Killed Josephine
 24547 | Lair:4   | Found a staircase to the Slime Pits.
 24881 | Lair:5   | Entered Level 5 of the Lair of Beasts
 24881 | Lair:5   | Noticed a catoblepas
 24893 | Lair:4   | Killed a catoblepas
 24894 | Lair:4   | Reached skill level 13 in Shapeshifting
 24902 | Lair:5   | Reached XP level 13. HP: 83/111 MP: 16/16
 26152 | Lair:5   | Reached skill level 14 in Shapeshifting
 27464 | D:11     | Noticed Snorg
 27516 | D:11     | Killed Snorg
 27592 | D:11     | Noticed Maurice
 27596 | D:11     | Maurice changed into Maurice the ogre
 27596 | D:11     | Noticed Maurice
 27601 | D:11     | Killed Maurice the ogre
 27858 | D:11     | Identified the +6 falchion "Hellblazer" {freeze, rF+ rC-
                  | rCorr Int+3}
 28275 | D:12     | Reached skill level 9 in Unarmed Combat
 28275 | D:12     | Reached XP level 14. HP: 118/118 MP: 17/17
 28493 | D:12     | Reached skill level 15 in Shapeshifting
 28496 | D:12     | Reached skill level 1 in Evocations
 28589 | D:12     | Reached skill level 2 in Evocations
 28890 | D:12     | Reached skill level 3 in Evocations
 29045 | D:12     | You fall into a shaft and drop 1 floor!
 29159 | D:13     | Reached skill level 4 in Evocations
 29319 | D:13     | Reached skill level 10 in Unarmed Combat
 29372 | D:13     | Found a gate leading to a gauntlet.
 29385 | Gauntlet | Entered a Gauntlet
 29385 | Gauntlet | Found a transporter.
 29385 | Gauntlet | Found a transporter.
 29545 | Gauntlet | Found a transporter.
 29560 | Gauntlet | Found a transporter.
 29562 | Gauntlet | Found a large runed translucent door.
 29563 | Gauntlet | Found a large runed translucent door.
 29564 | Gauntlet | Found a large runed translucent door.
 29564 | Gauntlet | Found a large runed translucent door.
 29574 | Gauntlet | Found a transporter.
 29587 | Gauntlet | Found a transporter.
 29603 | Gauntlet | Found a transporter.
 29617 | Gauntlet | Found a large runed translucent door.
 29669 | Gauntlet | Found a transporter.
 29684 | Gauntlet | Found a transporter.
 29698 | Gauntlet | Found a transporter.
 29711 | Gauntlet | Found a transporter.
 29730 | Gauntlet | Found a transporter.
 29799 | Gauntlet | Found a transporter.
 29801 | Gauntlet | Found a large runed translucent door.
 29802 | Gauntlet | Found a large runed translucent door.
 29803 | Gauntlet | Found a large runed translucent door.
 29803 | Gauntlet | Found a large runed translucent door.
 29803 | Gauntlet | Found a runed translucent door.
 29804 | Gauntlet | Found a large runed translucent door.
 29805 | Gauntlet | Found a large runed translucent door.
 29806 | Gauntlet | Found a large runed translucent door.
 29806 | Gauntlet | Found a large runed translucent door.
 29807 | Gauntlet | Found a runed translucent gate.
 29809 | Gauntlet | Found a transporter.
 29843 | Gauntlet | Found a transporter.
 29845 | Gauntlet | Found a runed translucent gate.
 29845 | Gauntlet | Found a runed translucent gate.
 29847 | Gauntlet | Found a large runed translucent door.
 29849 | Gauntlet | Found a runed translucent door.
 29853 | Gauntlet | Found a transporter.
 29860 | Gauntlet | Found a large runed translucent door.
 29862 | Gauntlet | Found a large runed translucent door.
 30078 | Gauntlet | Identified the ring "Sunuc" {Ice Str+2 Int+5 Dex-5}
 30258 | Gauntlet | Identified the +1 robe of the Equator {Str+3 Dex+3 SInv}
 30258 | Gauntlet | Identified the +0 quarterstaff of the Unstoppable Tusks
                  | {freeze, *Rage Int+3 Stlth+}
 30261 | Gauntlet | Identified the +0 helmet of the Buccaneer {-Cast Harm
                  | Will++ Regen+}
 30441 | D:12     | Identified the +4 orcbow of Dim Light {speed, rF+ rN+}
 30558 | Orc:1    | Entered Level 1 of the Orcish Mines
 30577 | Orc:1    | Reached XP level 15. HP: 93/125 MP: 18/18
 30894 | Orc:1    | Found Napryapn's Antique Armour Shoppe.
 30906 | Orc:1    | Bought a pair of scorched boots for 275 gold pieces
 30906 | Orc:1    | Identified the +0 pair of boots of the Neverending Knives
                  | {rPois rC+} (You bought it in a shop on level 1 of the
                  | Orcish Mines)
 31234 | D:3      | Killed Crazy Yiuf
 31444 | Orc:2    | Entered Level 2 of the Orcish Mines
 31693 | Orc:2    | Reached skill level 10 in Fighting
 32252 | Orc:2    | Reached skill level 11 in Unarmed Combat
 32505 | Orc:2    | Found a staircase to the Elven Halls.
 32621 | Orc:2    | Found Bisuj's Specific Store.
 32623 | Orc:2    | Found Umouts's General Store.
 32627 | Orc:2    | Bought a potion of haste for 160 gold pieces
 32678 | Orc:2    | Found Qaxy's Book Boutique.
 32678 | Orc:2    | Found Wih Qikk's General Store.
 32680 | Orc:2    | Found Xighu's Armour Shoppe.
 32682 | Orc:2    | Found Roafic's Weapon Shop.
 33119 | Orc:2    | Bought a potion of curing for 48 gold pieces
 33119 | Orc:2    | Bought a scroll of fog for 64 gold pieces
 33119 | Orc:2    | Bought a potion of ambrosia for 128 gold pieces
 34913 | D:13     | Found the +1 cloak of Starlight {*Dazzle EV+4 Stlth--}
 36183 | D:13     | Found a gate to the Vaults.
 36454 | D:14     | Reached skill level 12 in Unarmed Combat
 38007 | D:14     | Acquired the amulet of Jatoxur {Spirit +Blink rC++}
 38035 | D:15     | Entered Level 15 of the Dungeon
 38156 | D:15     | Found a staircase to the Depths.
 38265 | D:15     | Reached skill level 8 in Armour
 38937 | D:15     | Reached skill level 13 in Unarmed Combat
 38964 | D:15     | Reached skill level 9 in Armour
 39615 | Snake:1  | Entered Level 1 of the Snake Pit
 39720 | Shoals:1 | Entered Level 1 of the Shoals
 39953 | Shoals:1 | Noticed Mlioglotl
 39962 | Shoals:1 | Killed Mlioglotl
 40175 | Shoals:1 | Reached skill level 10 in Armour
 40326 | Shoals:1 | Got Sif Muna's Elucidation of Hyperborean Transmigration
 40653 | Shoals:1 | Noticed Roxanne
 40955 | Shoals:2 | Reached skill level 5 in Dodging
 40989 | Shoals:2 | Reached XP level 16. HP: 93/132 MP: 15/19
 42051 | Shoals:2 | Reached skill level 6 in Dodging
 42112 | Shoals:2 | Reached skill level 11 in Fighting
 43129 | Shoals:2 | Reached skill level 12 in Fighting
 43605 | Shoals:3 | Found Mak Fesutt's Antique Armour Boutique.
 43615 | Shoals:3 | Bought a dazzling cloak for 332 gold pieces
 43615 | Shoals:3 | Identified the +0 cloak of Intercession {rPois rC- Dex+2
                  | SInv} (You bought it in a shop on level 3 of the Shoals)
 44363 | Shoals:3 | Reached skill level 13 in Fighting
 44446 | Shoals:3 | Identified the +0 leather armour of Absence {Harm}
 44823 | Shoals:4 | Entered Level 4 of the Shoals
 45217 | Shoals:3 | Reached skill level 7 in Dodging
 45563 | Shoals:4 | Found a transporter.
 45568 | Shoals:4 | Reached skill level 8 in Dodging
 46514 | Shoals:4 | Reached skill level 9 in Dodging
 47716 | Shoals:4 | Reached skill level 10 in Dodging
 47922 | Shoals:4 | Noticed confidenceinterval's ghost (adept SpHu)
 47946 | Shoals:4 | Found a transporter.
 48047 | Shoals:4 | Reached XP level 17. HP: 42/150 MP: 8/20
 48661 | Shoals:4 | Got a barnacled rune of Zot
 49963 | Snake:1  | Found Keceasisch's General Store.
 49973 | Snake:1  | Bought a scroll of teleportation for 39 gold pieces
 49973 | Snake:1  | Bought a scroll of teleportation for 39 gold pieces
 49973 | Snake:1  | Bought a ring of magical power for 260 gold pieces
 49973 | Snake:1  | Bought a scroll of immolation for 52 gold pieces
 50173 | Snake:1  | Found Kouson's Jewellery Boutique.
 50469 | Snake:1  | Bought a +5 ring of evasion for 504 gold pieces
 50656 | Snake:1  | Found Hiryvyuf's Distillery.
 50664 | Snake:1  | Bought a potion of heal wounds for 75 gold pieces
 50664 | Snake:1  | Bought a potion of heal wounds for 75 gold pieces
 50664 | Snake:1  | Bought a potion of resistance for 150 gold pieces
 50862 | Snake:1  | Found Selemarredgh's Book Shoppe.
 50942 | Snake:1  | Found Yngitel's Book Boutique.
 51040 | Snake:1  | Reached skill level 14 in Fighting
 51040 | Snake:1  | Reached skill level 14 in Unarmed Combat
 52436 | Snake:3  | Noticed GordonOverkill's ghost (adept OpDe)
 52439 | Snake:3  | Found a transporter.
 52444 | Snake:3  | Found a transporter.
 53223 | Snake:4  | Entered Level 4 of the Snake Pit
 53299 | Snake:4  | Reached skill level 15 in Fighting
 53299 | Snake:4  | Reached skill level 15 in Unarmed Combat
 53496 | Snake:4  | Found Ukhleasi's Armour Shop.
 53520 | Snake:4  | Found Jengayg's Magic Scroll Boutique.
 53962 | Snake:4  | Reached skill level 11 in Armour
 54380 | Snake:4  | Reached XP level 18. HP: 145/163 MP: 21/21
 54599 | Snake:4  | Reached skill level 12 in Armour
 55402 | Snake:4  | Got a serpentine rune of Zot
 55590 | Snake:4  | Bought the -2 hat of the Alchemist {rElec rPois rF+ rC+ rN+
                  | Will+ rMut rCorr} for 519 gold pieces
 55590 | Snake:4  | Found the -2 hat of the Alchemist {rElec rPois rF+ rC+ rN+
                  | Will+ rMut rCorr}
 55845 | Elf:1    | Entered Level 1 of the Elven Halls
 55860 | Elf:1    | Reached skill level 13 in Armour
 57051 | Elf:2    | Found Aceczib's Armour Emporium.
 57204 | Elf:2    | Reached skill level 16 in Shapeshifting
 57543 | Elf:2    | Found a runed translucent gate.
 57543 | Elf:2    | Found a runed translucent gate.
 57553 | Elf:2    | Found a runed translucent gate.
 57636 | Elf:2    | Found Ixkoxtiom's Vocational Training.
 57740 | Elf:3    | Entered Level 3 of the Elven Halls
 58326 | Elf:3    | Identified the ring "Tyoll" {rPois Will+ Str+3 Slay-3}
 58381 | Elf:3    | Reached skill level 17 in Shapeshifting
 58679 | Elf:3    | Found Suufiupn's General Store.
 58743 | Elf:3    | Paralysed by an air elemental for 1 turns
 58773 | Elf:3    | Reached XP level 19. HP: 93/170 MP: 14/22
 59675 | Elf:3    | Identified the +5 scale mail "Rujoner" {Str+2}
 59733 | Elf:3    | Identified the +1 whip "Iphell" {heavy, Int+3}
 60464 | Elf:3    | Identified the staff of the Onslaught {rElec Earth}
 60607 | Elf:3    | Bought a scroll of teleportation for 39 gold pieces
 60909 | Snake:4  | Bought a scroll of teleportation for 30 gold pieces
 60909 | Snake:4  | Bought a scroll of blinking for 75 gold pieces
 60909 | Snake:4  | Bought a scroll of blinking for 75 gold pieces
 60909 | Snake:4  | Bought a scroll of fog for 40 gold pieces
 60909 | Snake:4  | Bought a scroll of revelation for 75 gold pieces
 60968 | Snake:1  | Bought a potion of haste for 150 gold pieces
 61167 | Vaults:1 | Entered Level 1 of the Vaults
 61506 | Vaults:1 | Reached skill level 18 in Shapeshifting
 61600 | Vaults:1 | Identified the +1 plate armour of Creativity {Will++}
 61616 | Vaults:1 | You fall into a shaft and drop 1 floor!
 62341 | Vaults:1 | Noticed MacCMillion's ghost (adept TrSh)
 62342 | Vaults:1 | Found a transporter.
 62377 | Vaults:1 | Found a transporter.
 62615 | Vaults:1 | Reached skill level 14 in Armour
 63295 | Snake:1  | Bought an amulet of regeneration for 420 gold pieces
 63533 | Vaults:2 | Reached skill level 16 in Fighting
 63733 | Vaults:2 | Noticed Mara
 63752 | Vaults:2 | Noticed EnegeticOcto's illusion
 63761 | Vaults:2 | Killed Mara
 63840 | Vaults:2 | Acquired a manual of Fighting
 63891 | Vaults:2 | Noticed Xtahua
 63900 | Vaults:2 | Killed Xtahua
 63997 | Vaults:2 | Reached XP level 20. HP: 113/182 MP: 24/24
 64196 | Vaults:2 | Reached skill level 17 in Fighting
 64196 | Vaults:2 | Reached skill level 15 in Armour
 64604 | Vaults:2 | Found a staircase to the Crypt.
 64732 | Vaults:2 | Noticed Aizul
 64741 | Vaults:2 | Killed Aizul
 65176 | Vaults:3 | Upgraded the game from 0.31-a0-506-g3d79149578 to
                  | 0.31-a0-516-gfcb59812bd
 65421 | Vaults:3 | Reached skill level 18 in Fighting
 65458 | Vaults:3 | Noticed Margery
 65876 | Vaults:3 | Reached skill level 16 in Armour
 66054 | Vaults:3 | Noticed Bai Suzhen
 66066 | Vaults:3 | Killed Bai Suzhen
 66278 | Vaults:3 | Noticed Sojobo
 66300 | Vaults:3 | Killed Sojobo
 66619 | Vaults:3 | Killed Margery
 66725 | Vaults:3 | Noticed Saint Roka
 66744 | Vaults:3 | Killed Saint Roka
 66745 | Vaults:3 | Reached skill level 5 in Evocations
 66835 | Vaults:3 | Reached skill level 11 in Dodging
 67026 | Vaults:4 | Found Oteytrilui's General Store.
 67379 | Vaults:4 | Reached XP level 21. HP: 194/194 MP: 25/25
 67571 | Vaults:4 | Reached skill level 17 in Armour
 67657 | Vaults:4 | Identified the +4 cloak "Gemozus" {Contam Rampage rElec
                  | Regen+}
 67873 | Vaults:4 | Reached skill level 6 in Evocations
 68055 | Vaults:4 | Found Pattenet's Magic Scroll Shoppe.
 68420 | Depths:1 | Entered Level 1 of the Depths
 68577 | Depths:1 | Reached skill level 12 in Dodging
 68734 | Depths:1 | Found Asoasono's Jewellery Emporium.
 68747 | Depths:1 | Found a one-way gateway to a ziggurat.
 68856 | Depths:1 | Noticed the Enchantress
 68880 | Depths:1 | Killed the Enchantress
 69164 | Depths:1 | Reached XP level 22. HP: 202/202 MP: 26/26
 69562 | Depths:1 | Found a gateway to Hell.
 69735 | Depths:1 | Reached skill level 7 in Evocations
 69842 | Depths:2 | Reached skill level 13 in Dodging
 69849 | Depths:2 | Reached skill level 16 in Unarmed Combat
 69958 | Depths:2 | Found a one-way gate to the infinite horrors of the Abyss.
 70191 | Depths:2 | Noticed Grunn
 70217 | Depths:2 | Killed Grunn
 70226 | Depths:2 | Reached skill level 18 in Armour
 70435 | Depths:2 | Found a one-way gate leading to the halls of Pandemonium.
 70766 | Depths:3 | Paralysed by a floating eye for 2 turns
 71170 | Depths:3 | Found the +0 mask of the Dragon {Will+ Slay+3 SInv}
 71278 | Depths:3 | Reached skill level 8 in Evocations
 71493 | Depths:3 | Reached skill level 14 in Dodging
 71710 | Depths:3 | Reached XP level 23. HP: 208/209 MP: 27/27
 71741 | Depths:4 | Entered Level 4 of the Depths
 72122 | Depths:4 | Found a gate to the Realm of Zot.
 72128 | Depths:4 | Reached skill level 9 in Evocations
 72149 | Depths:4 | Reached skill level 15 in Dodging
 72814 | Vaults:5 | Entered Level 5 of the Vaults
 72913 | Vaults:5 | Reached skill level 17 in Unarmed Combat
 72939 | Vaults:5 | Got the Handbook of the Creeping Caves
 72950 | Vaults:5 | Identified the +0 scale mail "Apsuhot" {-Tele Will- Dex+4
                  | SInv}
 73011 | Vaults:5 | Identified the +1 leather armour "Iggasacu" {Drain rPois
                  | Str+3}
 73310 | Vaults:5 | Identified the +4 tower shield of Waisk {Int+8}
 73584 | Vaults:5 | Identified the ring "Vemaocot" {rN+ Str+6}
 73604 | Vaults:5 | Reached skill level 10 in Evocations
 73624 | Vaults:5 | Reached skill level 16 in Dodging
 73744 | Vaults:5 | Found Tesk's Jewellery Shop.
 73756 | Vaults:5 | Got a silver rune of Zot
 73926 | Vaults:5 | Noticed a dread lich
 73937 | Vaults:5 | Killed a dread lich
 74150 | Vaults:5 | Identified the ring of the Ladybird {Ice SInv}
 74972 | Vaults:5 | Found Tesk's Jewellery Shop.
 75547 | Zot:1    | Entered Level 1 of the Realm of Zot
 75706 | Zot:1    | Reached skill level 17 in Dodging
 76303 | Zot:2    | Found a transporter.
 76317 | Zot:2    | Noticed Voqoasirir's ghost (veteran TeAE)
 76452 | Zot:3    | Reached skill level 11 in Evocations
 76452 | Zot:3    | Reached XP level 24. HP: 216/216 MP: 27/27
 76480 | Zot:5    | Entered Level 5 of the Realm of Zot
 77426 | Zot:5    | Reached skill level 18 in Unarmed Combat
 77565 | Zot:5    | Noticed an ancient lich
 77565 | Zot:5    | Noticed a dread lich
 77565 | Zot:5    | Noticed an orb of fire
 77565 | Zot:5    | Noticed a Killer Klown
 77565 | Zot:5    | Noticed an orb of fire
 77565 | Zot:5    | Noticed a dread lich
 77569 | Zot:5    | Got the Orb of Zot
 77724 | Depths:2 | Noticed a seraph
 77733 | Depths:1 | Noticed Uteontuo the pandemonium lord
 77759 | Depths:1 | Killed Uteontuo the pandemonium lord
 78225 | D:$      | Escaped with the Orb!

Illustrated notes

Levels and vault maps discovered:
D:1:      minmay_arrival_arboretum_small, layout_basic, minivault_14,
          chequers_serial_rivers_room_a, minmay_tromino_i2
D:2:      layout_basic, kennysheep_generic_room_13
D:3:      layout_basic, minitemple, uniq_crazy_yiuf_cottage, uniq_grinder
D:4:      layout_gridville, overflow_temple_1_default,
          nicolae_dithmenos_the_darkroom, minmay_shop_grid_forest
D:5:      layout_loops_corners, grunt_gozag_breadcrumbs, gup_sewer_entry_pipe
D:6:      layout_cave_pools, lemuel_mausoleum_altar_kikubaaqudgha,
          nicolae_uskayaw_dance_hall, lemuel_coloured_pillars_altar,
          lemuel_tele_altar, kennysheep_mini,
          minmay_temple_entry_drinking_statues, serial_bayou_pond_b
D:7:      layout_gridville, makhleb_blood_cavern_becter, nicolae_eternal_life,
          minmay_misc_feat_five, minmay_holes, lemuel_flamethrower_2
D:8:      layout_basic, general_overflow_altar, mainiacjoe_overflow_brackets,
          uniq_pikel
D:9:      layout_roguey, serial_undead, serial_undead_c, serial_undead_f,
          serial_undead_d, serial_undead_f
D:10:     layout_basic, grunt_ashenzari_visionary
          [grunt_ashenzari_visionary_shoals, grunt_ashenzari_visionary_snake],
          erik_lair_orcish_takeover, kennysheep_generic_room_8
D:11:     layout_basic, uniq_maurice, uniq_snorg
D:12:     layout_basic
D:13:     layout_loops_cross, hangedman_vaults_entry_quadrant_bands,
          gauntlet_entry_generic, hellmonk_guarded_unrand_starlight
D:14:     layout_grid_maze, nicolae_hepliaklqana_hazy_memory
D:15:     grunt_enter_depths_hoard, layout_basic, minmay_misc_feat_alley,
          tso_metal_star
Lair:1:   beast_lair_carwin_large_3, layout_regular_city,
          nicolae_volcano_entry_batcave, ebering_ghost_reflecting_pool,
          eino_small_chamber_without_monster
Lair:2:   layout_layer_cave, elwin_shoals_entry_rooms,
          alex1729_snake_entry_snake
Lair:3:   layout_loops_ring, portal_ice_cave_entry_ice_simulacra,
          chequers_serial_rivers_small_3, nzn_random_ring
Lair:4:   layout_gridlike, nicolae_slime_entry_field_trip, serial_rivers,
          chequers_serial_rivers_small_b, chequers_serial_rivers_micro_e,
          chequers_serial_rivers_marsh, chequers_serial_rivers_micro_c,
          uniq_josephine, uniq_sonja
Lair:5:   cheibrodos_lair_end_hotspot, layout_regular_city,
          nicolae_lair_yak_garden
Shoals:1: layout_shoals, uniq_mlioglotl, uniq_roxanne
Shoals:2: cheibrodos_shoals_satyrical_garden, layout_shoals
Shoals:3: layout_shoals, serial_shops, shop
Shoals:4: shoals_end_grunt_garden, layout_shoals,
          gammafunk_ghost_berserking_beasts
Snake:1:  layout_basic, serial_shops, nicolae_shop_industrial_runoff, shop,
          nicolae_shop_tiny_real_fake_doors, shop, nicolae_shop_tiny_glass,
          grunt_ministairs_13
Snake:2:  layout_basic, basic_altar, grunt_megastairs_4
Snake:3:  layout_misc_corridors, gammafunk_ghost_wrathful_warriors, basic_altar
Snake:4:  grunt_snake_rune_pools, layout_rooms, minmay_shoptagon
Orc:1:    layout_diamond_mine, serial_shops, shop_fountains, shop
Orc:2:    st_orc_rangers, layout_caves, nicolae_specific_store,
          minmay_orc_temple_a
Elf:1:    minmay_elf_arrival_circle, layout_geoelf_diagonals,
          hangedman_corner_corridor, pf_eden
Elf:2:    elven_hall_of_blades_hangedman_original
          [nicolae_blade_entry_pointy_end], layout_geoelf_octagon, serial_shops,
          nicolae_stop_n_shop_1, nicolae_shop_vocational
Elf:3:    minmay_elf_hall_quartered_circle, layout_loops_cross, serial_shops,
          shop
Vaults:1: gammafunk_ghost_arena, vaults_room_fours, v_pattern_4,
          nicolae_vaults_trapezoid_2, vaults_room_hallway, special_room_vaults
          [special_room_orc], vaults_dpeg_hooks, nicolae_vaults_two_Ls,
          nicolae_vaults_more_shelving_2, nicolae_vaults_little_squares_2,
          vaults_room_semicircle, nicolae_vaults_house_2,
          layout_vaults_big_room, serial_glass
Vaults:2: nicolae_vaults_two_Ls, vaults_room_grunt_arrival_checkpoint,
          vaults_dpeg_encased_lava, nicolae_vaults_quadrants,
          minmay_crypt_entry_necro_gods, nicolae_vaults_stairing_the_circle,
          vaults_room_semicircle, nicolae_vaults_trapezoid_1,
          vaults_standard_mumra_enter_the_diamond, grunt_vaults_focal,
          ontoclasm_vaults_fault, v_misc_29, nicolae_vaults_big_ls,
          vaults_mumra_chevron_long, nicolae_vaults_alarming,
          hangedman_vaults_impose, nicolae_vaults_apartment_1,
          layout_vaults_omnibox, uniq_mara, uniq_xtahua, uniq_aizul
Vaults:3: nicolae_vaults_three_branches, nicolae_vaults_network_quincunx
          [nicolae_vaults_network_quincunx_subvault,
          nicolae_vaults_network_quincunx_subvault,
          nicolae_vaults_network_quincunx_subvault,
          nicolae_vaults_network_quincunx_subvault,
          nicolae_vaults_network_quincunx_subvault],
          nicolae_vaults_closet_pinwheel_6, nicolae_vaults_network_s,
          nicolae_vaults_tetromino_Z_1, nicolae_vaults_windows_and_doors_thing,
          nicolae_vaults_stepped_doors, vaults_room_guarded_vault,
          vaults_room_hallway, ontoclasm_vaults_hangar,
          ontoclasm_vaults_gateway, layout_vaults_omnicross, uniq_margery,
          uniq_sojobo, uniq_saint_roka, uniq_bai_suzhen
Vaults:4: nicolae_vaults_meeting, nicolae_vaults_what_the_h, v_misc_8,
          grunt_vaults_hallway_short, v_misc_24, vaults_dpeg_ring, v_misc_2,
          vaults_room_pool, vaults_room_stairs_pillars,
          nicolae_vaults_double_plus_1, nicolae_vaults_weapon_check, v_misc_23,
          layout_vaults_omnigrid, serial_shops, shop,
          nicolae_shop_tiny_waterfront
Vaults:5
Depths:1: layout_honeycomb, enter_ziggurat_a, chequers_serial_rivers_small_3,
          serial_shops, shop, grunt_hell_entry_dis_grunt,
          minmay_guarded_unrand_dyrovepreva, uniq_enchantress
Depths:2: minmay_isolated_rectangles_in_corner, layout_cave_pools, hell_entry,
          hangedman_abyss_entry_splay, rand_demon_pan_entry_8,
          chequers_serial_rivers_micro_d, minmay_statues_item,
          serial_bayou_shore_b, uniq_grunn
Depths:3: nicolae_BIG_FREAKIN_CUBE, layout_basic, abyss_entry, special_room
          [special_room_jelly], grunt_mini_vestibule, pan_entry,
          minmay_misc_feat_x, infiniplex_staircase_zigzag_5
Depths:4: grunt_zot_entry_bicorn, layout_long_grid,
          nicolae_qazlal_eye_of_the_storm, hell_entry, rand_demon_pan_entry_5,
          abyss_entry
Zot:1:    layout_twisted_circle
Zot:2:    layout_concentric_octagons, gammafunk_ghost_split,
          chequers_guarded_unrand_mask_of_the_dragon, uniq_josephina
Zot:3:    layout_gridlike
Zot:4:    layout_concentric_octagons, hangedman_elemental_grid_stream
Zot:5:    layout_cellular_growth

Skill      XL: |  1  2  3  4  5  6  7  8  9 10 11 12 13 14 15 16 17 18 19 20 21 22 23 24 |
---------------+-------------------------------------------------------------------------+-----
Stealth        | 1 2 |  2.0
Fighting       | 1 2 3 5 7 9 10 13 15 16 18 | 18.0
Shapeshifting  | 3 4 5 7 9 11 13 14 15 17 18 | 18.0
Unarmed Combat | 3 5 6 8 9 10 13 15 16 17 18 | 18.0
Dodging        | 2 4 5 10 11 12 14 17 | 17.9
Translocations | 4 |  4.0
Armour         | 4 7 10 11 13 14 16 17 18 | 18.0
Evocations     | 4 5 6 8 11 | 11.6

Action                     |  1- 3 |  4- 6 |  7- 9 | 10-12 | 13-15 | 16-18 | 19-21 | 22-24 || total
---------------------------+-------+-------+-------+-------+-------+-------+-------+-------++-------
  Melee: Unarmed           |    74 |   180 |   388 |   924 |  1171 |  1536 |  1255 |  1078 ||  6606
         Punch             |     3 |     2 |    13 |     4 |    74 |   145 |   161 |   165 ||   567
         Hand axe          |       |     7 |       |       |       |       |       |       ||     7
         Constrict         |       |       |    19 |    28 |       |       |       |       ||    47
  Throw: Boomerang         |       |    16 |    20 |    29 |       |       |       |       ||    65
         Dart              |       |     6 |     6 |       |       |       |       |       ||    12
Ability: Begin Untransform |       |       |       |     2 |       |       |       |       ||     2
  Evoke: Wand              |     7 |     5 |     4 |    17 |    10 |    18 |    11 |     6 ||    78
         Condenser vane    |       |       |       |       |     1 |     1 |     2 |       ||     4
         Phantom mirror    |       |       |       |       |     1 |       |     1 |       ||     2
         Lightning rod     |       |       |       |       |       |    15 |     4 |       ||    19
    Use: Scroll            |       |     7 |     8 |    15 |    11 |     4 |     3 |    13 ||    61
         Potion            |       |     3 |     3 |     1 |     3 |     2 |     1 |     7 ||    20
   Stab: Sleeping          |    10 |     3 |     4 |     4 |       |       |       |       ||    21
         Distracted        |     1 |       |       |       |       |       |       |       ||     1
         Petrified         |       |       |       |       |     1 |       |       |     7 ||     8
         Petrifying        |       |       |       |       |     1 |       |       |     2 ||     3
         Invisible         |       |       |       |       |     8 |    72 |    53 |       ||   133
         Confused          |       |       |       |       |     2 |       |     2 |       ||     4
 Armour: Animal skin       |     7 |    40 |    54 |       |       |       |       |       ||   101
         Skin              |       |     9 |    33 |    52 |       |       |       |       ||    94
         Troll leather arm |       |       |       |    12 |       |       |       |       ||    12
         Crystal plate arm |       |       |       |   673 |  1130 |   922 |   557 |   562 ||  3844
  Dodge: Dodged            |    31 |   137 |   263 |   245 |   452 |  1239 |  1130 |   895 ||  4392
   Form: Flux              |       |     1 |     2 |     3 |       |       |       |       ||     6
         Beast             |       |     1 |       |     2 |       |       |       |       ||     3
         Anaconda          |       |       |     1 |     2 |       |       |       |       ||     3
         Maw               |       |       |     1 |       |       |       |       |       ||     1
         Blade             |       |       |       |     5 |     2 |       |       |       ||     7
         Dragon            |       |       |       |       |     1 |       |       |       ||     1

Table legend: (Time is in decaauts)
 A = Elapsed time spent in this place.
 B = Non-inter-level travel time spent in this place.
 C = Inter-level travel time spent in this place.
 D = Time resting spent in this place.
 E = Time spent auto-exploring this place.
 F = Levels seen in this place.
 G = Mean time per level.
                   A        B        C        D        E       F      G
               +--------+--------+--------+--------+--------+-----+--------+
         Total |  77228 |  71171 |   6057 |  22111 |  35494 |  49 | 1576.1 |
       Dungeon |  25333 |  22611 |   2722 |   7406 |  11416 |  15 | 1688.9 |
          Lair |  11738 |  10597 |   1141 |   3021 |   5803 |   5 | 2347.6 |
        Shoals |   9871 |   9578 |    293 |   5013 |   2777 |   4 | 2467.8 |
     Snake Pit |   6002 |   5537 |    465 |   1339 |   3126 |   4 | 1500.5 |
  Orcish Mines |   2263 |   2044 |    219 |    766 |    920 |   2 | 1131.5 |
   Elven Halls |   4702 |   4534 |    168 |   1447 |   2164 |   3 | 1567.3 |
        Vaults |   8926 |   8445 |    481 |    735 |   5540 |   5 | 1785.2 |
        Depths |   4218 |   3777 |    441 |    146 |   2827 |   4 | 1054.5 |
           Zot |   2054 |   1931 |    123 |   1306 |    308 |   5 |  410.8 |
         Sewer |   1200 |   1200 |      0 |    831 |     40 |   1 | 1200.0 |
      Gauntlet |    918 |    918 |      0 |     97 |    572 |   1 |  918.0 |
               +--------+--------+--------+--------+--------+-----+--------+

Top non-repeatable levels by time:
Shoals:3: 3760 daAuts
    D:13: 3671 daAuts
     D:6: 3459 daAuts
  Lair:3: 3315 daAuts
  Lair:2: 3154 daAuts
   Elf:3: 2577 daAuts
Vaults:5: 2351 daAuts
Shoals:2: 2312 daAuts
Shoals:4: 2304 daAuts
    D:10: 2049 daAuts
     D:7: 2010 daAuts
     D:5: 2006 daAuts
 Snake:3: 1985 daAuts
  Lair:5: 1948 daAuts
Vaults:2: 1937 daAuts
